 Dungeon Crawl Stone Soup version 0.26-a0-778-g3fe0686644 (webtiles) character file.

Game seed: 7092092085681090641

6893 strifetoe the Cleaver (level 11, -1/99 HPs)
             Began as a Hill Orc Fighter on Nov 11, 2020.
             Was a High Priest of Beogh.
             Slain by a killer bee (3 damage)
             ... on level 10 of the Dungeon.
             The game lasted 00:16:44 (12347 turns).

strifetoe the Cleaver (Hill Orc Fighter)           Turns: 12347, Time: 00:16:44

Health: -1/99      AC: 11    Str: 23    XL:     11   Next: 6%
Magic:  0/20       EV:  5    Int:  8    God:    Beogh [*****.]
Gold:   399        SH: 10    Dex: 16    Spells: 10/10 levels left

rFire    . . .     SeeInvis .   a - +0 war axe
rCold    . . .     Faith    .   c - +0 kite shield
rNeg     . . .     Spirit   +   h - +0 chain mail
rPois    .         Reflect  .   B - +1 hat
rElec    .         Harm     .   A - +0 cloak
rCorr    .         Rampage  .   (no gloves)
MR       .....     Rnd*Tele +   (no boots)
Stlth    ..........             D - amulet of guardian spirit
HPRegen  0.26/turn              y - +6 ring of dexterity
MPRegen  0.17/turn              g - ring of teleportation

@: lethally poisoned (-1 -> -11)
A: walk on water
a: Smiting, Recall Orcish Followers, Give Item to Named Follower, Renounce
Religion


You were on level 10 of the Dungeon.
You worshipped Beogh.
Beogh was extremely pleased with you.
You visited 1 branch of the dungeon, and saw 10 of its levels.

You collected 399 gold pieces.

Inventory:

Hand Weapons
 a - a +0 war axe (weapon)
 u - a +0 flail
 x - a +2 flail of draining
Armour
 c - a +0 kite shield (worn)
 h - a +0 chain mail (worn)
 A - a +0 cloak (worn)
 B - a +1 hat (worn)
Jewellery
 g - a ring of teleportation (right hand)
 y - a +6 ring of dexterity (left hand)
 D - an amulet of guardian spirit (around neck)
Wands
 q - a wand of digging (3)
 E - a wand of enslavement (5)
Scrolls
 e - a scroll of enchant weapon {unknown}
 f - 5 scrolls of teleportation
 i - 2 scrolls of remove curse
 j - a scroll of magic mapping {unknown}
 n - 2 scrolls of noise
 s - 2 scrolls of enchant armour {unknown}
 w - a scroll of acquirement {unknown}
 z - a scroll of fog {unknown}
 C - a scroll of torment {unknown}
 F - 2 scrolls of blinking {unknown}
 H - a scroll of identify
 I - 2 scrolls of random uselessness {unknown}
Potions
 d - a potion of haste
 k - a potion of flight {unknown}
 l - 2 potions of mutation
 m - a potion of berserk rage {unknown}
 o - 2 potions of magic
 p - 2 potions of might
 r - 2 potions of curing
 t - a potion of lignification
 v - a potion of degeneration {unknown}


   Skills:
 + Level 9.7 Fighting
 + Level 13.1(13.3) Axes
 - Level 3.3(8.0) Maces & Flails
 - Level 3.2 Armour
 - Level 3.2 Shields
 + Level 12.8 Invocations


You had 10 spell levels left.
You didn't know any spells.
Your spell library contained the following spells:

 Spells                   Type           Power        Failure   Level
 Corona                   Hex            #......      100%        1
 Magic Dart               Conj           #...         100%        1
 Blink                    Tloc           N/A          100%        2
 Call Imp                 Summ           #.......     100%        2
 Ensorcelled Hibernation  Hex/Ice        #.....       100%        2
 Searing Ray              Conj           #.....       100%        2
 Slow                     Hex            #.......     100%        2
 Confusing Touch          Hex            #.......     100%        3
 Conjure Flame            Conj/Fire      #.......     100%        3
 Dazzling Flash           Conj/Hex       #.....       100%        3
 Mephitic Cloud           Conj/Pois/Air  #.......     100%        3
 Tukima's Dance           Hex            #.......     100%        3
 Fulminant Prism          Conj/Hex       #.........   100%        4
 Iskenderun's Mystic Bla  Conj/Tloc      #.......     100%        4
 Irradiate                Conj/Tmut      #.........   100%        5
 Hydra Form               Tmut           #.........   100%        6
 Statue Form              Tmut/Erth      #........    100%        6
 Dragon Form              Tmut           #.........   100%        7


Dungeon Overview and Level Annotations

Branches:
Dungeon (10/15)            Temple (0/1) D:4            Lair (0/6) D:9
    Orc (0/2) D:10

Altars:
Ashenzari
Cheibriados
Elyvilon
Gozag
Nemelex Xobeh
Qazlal
Sif Muna
Trog
Vehumet
Wu Jian
Yredelemnul
The Shining One

Shops:
D:3 *

Annotations:
D:5 exclusion: downstairs
D:10 1 runed translucent door, Cayciadust's ghost, journeyman DsBe


Message History

You kill the queen bee!
Beogh accepts your kill.
Your orc looks more experienced. x2
Your orc warrior looks more experienced.
You feel sick.
You hear an angry buzzing noise. x2
You block the killer bee's attack.
You hear an angry buzzing noise.
Your orc warrior barely misses the killer bee.
You block the killer bee's attack.
You hear an angry buzzing noise.
You slash the killer bee!
The killer bee is moderately wounded.
You hear an angry buzzing noise.
The killer bee rages.
The killer bee stings you.
* * * LOW HITPOINT WARNING * * *
You are more poisoned.
The killer bee poisons you! The killer bee stings you.
You die... #†....$# #...## #...††.# #...#. #..!...# +...#. #yy.yy.+ #...#. #yy.yy.# #...## #yy.yyy# #+o. #yy.yyy#

#.## #y## ##.# #o@#
#..# #####o######
#.### #..oooo....#
##.### #...ooo....#
#..... #..........#
#.....
#..........######.....
#..........'.oo##.....
#..........###o..o.o..
#######'#### ####...o.


You could see 9 killer bees, 3 friendly orc warriors and 5 friendly orcs.

Vanquished Creatures
  Pikel (D:6)
  A queen bee (D:10)
  A troll (D:9)
  Prince Ribbit (D:7)
  Sigmund (D:5)
  A wyvern (D:9)
  6 yaks (D:9)
  Edmund (D:5)
  Menkaure (D:5)
  2 sky beasts
  A water moccasin (D:9)
  2 black bears (D:10)
  An ice beast (D:7)
  A necrophage (D:10)
  2 centaurs
  8 ogres
  3 lemures (D:6)
  4 bullfrogs
  A wyvern skeleton (D:9)
  A water moccasin skeleton (D:6)
  6 scorpions
  A killer bee (D:10)
  7 wights
  A howler monkey (D:4)
  A bullfrog zombie (D:7)
  A quasit (D:7)
  Crazy Yiuf (D:7)
  2 jellies
  A gnoll shaman (D:5)
  6 orc priests
  4 hounds
  2 bullfrog skeletons
  A centaur skeleton (D:6)
  Ijyb (D:4)
  4 iguanas
  7 orc wizards
  5 worker ants
  2 hound skeletons
  A worker ant zombie (D:9)
  7 adders
  5 gnolls
  A shadow imp (D:9)
  2 white imps
  3 ufetubi
  3 oozes
  An adder skeleton (D:5)
  An adder zombie (D:9)
  5 worms
  4 dart slugs
  6 leopard geckos
  21 orcs
  2 ball pythons
  9 giant cockroaches
  11 goblins
  9 hobgoblins
  10 jackals
  6 quokkas
  9 bats
  5 frilled lizards
  A jackal zombie (D:6)
  8 kobolds
  A quokka skeleton (D:4)
  6 rats
230 creatures vanquished.

Vanquished Creatures (collateral kills)
  A centaur zombie (D:10)
  A vampire (D:10)
  An orc warrior (D:10)
  A bullfrog (D:10)
  3 killer bees (D:10)
  A howler monkey (D:10)
  2 orc priests (D:10)
  2 orc wizards
  A white imp (D:10)
  6 orcs
19 creatures vanquished.

Vanquished Creatures (others)
  An orc warrior (D:10)
  A killer bee (D:10)
  An orc priest (D:5)
  3 orc wizards (D:5)
  21 orcs
  5 fungi (D:8)
32 creatures vanquished.

Grand Total: 281 creatures vanquished

Notes
Turn   | Place    | Note
-------+----------+-------------------------------------------
     0 | D:1      | strifetoe the Hill Orc Fighter began the quest for the Orb.
     0 | D:1      | Reached XP level 1. HP: 19/19 MP: 1/1
    32 | D:1      | Reached skill level 3 in Axes
   242 | D:1      | Reached XP level 2. HP: 26/26 MP: 2/2
   322 | D:1      | Reached skill level 4 in Axes
   331 | D:1      | Reached XP level 3. HP: 18/31 MP: 3/3
   641 | D:2      | Reached skill level 5 in Axes
   765 | D:3      | Reached XP level 4. HP: 29/39 MP: 4/4
   908 | D:3      | Reached skill level 6 in Axes
   940 | D:4      | Found a sparkling altar of Nemelex Xobeh.
  1074 | D:5      | Entered Level 5 of the Dungeon
  1074 | D:5      | Noticed Sigmund
  1089 | D:5      | Killed Sigmund
  1089 | D:5      | Reached skill level 8 in Axes
  1089 | D:5      | Reached XP level 5. HP: 26/45 MP: 5/5
  1089 | D:5      | Reached XP level 6. HP: 30/51 MP: 6/6
  1329 | D:5      | Became a worshipper of Beogh the Brigand
  1618 | D:2      | Found a stormy altar of Qazlal.
  1746 | D:2      | Found a faded altar of an unknown god.
  1787 | D:2      | Reached skill level 1 in Invocations
  2487 | D:3      | Found an opulent altar of Gozag.
  2491 | D:3      | Found Gozag's Platinum Reserve.
  2537 | D:3      | Reached * piety under Beogh
  2922 | D:4      | Noticed Ijyb
  2933 | D:4      | Killed Ijyb
  2993 | D:4      | Reached XP level 7. HP: 27/57 MP: 9/9
  3304 | D:4      | Found a staircase to the Ecumenical Temple.
  3372 | D:4      | Reached skill level 9 in Axes
  3717 | D:4      | Reached skill level 5 in Invocations
  3983 | D:5      | Noticed Menkaure
  3986 | D:5      | Killed Menkaure
  3986 | D:5      | Reached XP level 8. HP: 64/64 MP: 11/13
  4351 | D:5      | Reached ** piety under Beogh
  4499 | D:5      | Noticed Edmund
  4507 | D:5      | Reached skill level 10 in Axes
  4954 | D:5      | Killed Edmund
  5315 | D:5      | Found a glowing golden altar of the Shining One.
  5322 | D:5      | Found a white marble altar of Elyvilon.
  5413 | D:6      | Reached skill level 1 in Maces & Flails
  5799 | D:6      | Found a bloodstained altar of Trog.
  5801 | D:6      | Found a basalt altar of Yredelemnul.
  5848 | D:6      | Found a broken altar of Ashenzari.
  5848 | D:6      | Found an ornate altar of the Wu Jian Council.
  6104 | D:6      | Found a shimmering blue altar of Sif Muna.
  6173 | D:5      | Reached XP level 9. HP: 19/72 MP: 16/16
  6805 | D:6      | Found a snail-covered altar of Cheibriados.
  6861 | D:6      | Found a radiant altar of Vehumet.
  7085 | D:6      | Reached skill level 5 in Fighting
  7586 | D:7      | Noticed Pikel
  7639 | D:6      | Reached skill level 10 in Invocations
  7750 | D:6      | Killed Pikel
  7920 | D:7      | Reached *** piety under Beogh
  7991 | D:7      | Found a runed translucent door.
  7992 | D:7      | Noticed Crazy Yiuf
  8428 | D:7      | Noticed Prince Ribbit
  8436 | D:7      | Killed Prince Ribbit
  8436 | D:7      | Reached skill level 11 in Axes
  8585 | D:7      | Killed Crazy Yiuf
  9352 | D:8      | Reached XP level 10. HP: 84/86 MP: 16/18
  9549 | D:8      | Found the +7 Singing Sword {vorpal, sonic wave}
 10561 | D:9      | Reached skill level 12 in Axes
 10742 | D:9      | Reached **** piety under Beogh
 11203 | D:9      | Found a staircase to the Lair.
 11712 | D:10     | Entered Level 10 of the Dungeon
 11764 | D:10     | Found a staircase to the Orcish Mines.
 11870 | D:10     | Noticed a rakshasa
 11871 | D:10     | Found a runed translucent door.
 11871 | D:10     | Noticed Cayciadust's ghost (journeyman DsBe)
 12164 | D:10     | Reached skill level 13 in Axes
 12164 | D:10     | Reached XP level 11. HP: 97/97 MP: 20/20
 12325 | D:10     | Reached ***** piety under Beogh
 12344 | D:10     | HP: 4/97 [poisoned by a killer bee]
 12347 | D:10     | Slain by a killer bee

Illustrated notes

Levels and vault maps discovered:
D:1:      nzn_arrival_settlement, layout_basic
D:2:      layout_loops_ring, chequers_ecumenical_altar_simple_redux,
          nicolae_qazlal_general_emergency
D:3:      layout_loops_cross, minmay_liquid_box, nicolae_gozag_zags_fifth_avenue
D:4:      layout_basic, nemelex_xobeh_ov_fountains_minmay,
          minmay_temple_entry_ruins, minmay_stone_trees_medium, uniq_ijyb
D:5:      layout_layer_cave, minitemple, wad_rectangle_vault, uniq_edmund,
          uniq_sigmund, uniq_menkaure
D:6:      layout_basic, nicolae_overflow_hidden_temple, kennysheep_little_box,
          lemuel_round_altar
D:7:      layout_rooms, uniq_pikel, uniq_prince_ribbit1, uniq_crazy_yiuf_cottage
D:8:      old_forge, layout_basic, kennysheep_mini_moat,
          lemuel_coloured_pillars_altar, serial_shops, shop,
          dk_yredelemnul_ordeal, uniq_psyche
D:9:      layout_loops_ring, lair_entry_dummy
D:10:     layout_roguey [special_room_bee], hiddenorc2_lemuel,
          ebering_ghost_inner_flame

Skill      XL: |  1  2  3  4  5  6  7  8  9 10 |
---------------+-------------------------------+-----
Axes           | 3 4 5 8 9 10 11 13 | 13.1
Invocations    | 3 6 9 11 12 | 12.8
Maces & Flails | 2 3 |  3.3
Fighting       | 4 7 9 |  9.7
Armour         | |  3.2
Shields        | |  3.2

Action                   |  1- 3 |  4- 6 |  7- 9 | 10-12 || total
-------------------------+-------+-------+-------+-------++-------
Melee: War axe           |    88 |   192 |   293 |   295 ||   868
       Flail             |       |       |    56 |       ||    56
Invok: Convert to Beogh  |       |     1 |       |       ||     1
       Recall Orcish Fol |       |       |       |     1 ||     1
Evoke: Wand              |       |     1 |    17 |     1 ||    19
  Use: Potion            |       |     1 |     2 |     3 ||     6
       Scroll            |       |       |     6 |     4 ||    10
 Stab: Distracted        |       |       |       |     1 ||     1
Armor: Scale mail        |    26 |       |       |    25 ||    51
       Chain mail        |    31 |    93 |   177 |    97 ||   398
       Skin              |       |       |       |     7 ||     7
Dodge: Dodged            |    24 |    42 |    62 |    64 ||   192
Block: Kite shield       |    44 |    88 |   149 |   129 ||   410

Table legend: (Time is in decaauts)
 A = Elapsed time spent in this place.
 B = Non-inter-level travel time spent in this place.
 C = Inter-level travel time spent in this place.
 D = Time resting spent in this place.
 E = Time spent auto-exploring this place.
 F = Levels seen in this place.
 G = Mean time per level.
                   A        B        C        D        E       F      G
               +--------+--------+--------+--------+--------+-----+--------+
         Total |  12432 |  11836 |    596 |   3601 |   6225 |  10 | 1243.2 |
       Dungeon |  12432 |  11836 |    596 |   3601 |   6225 |  10 | 1243.2 |
               +--------+--------+--------+--------+--------+-----+--------+

Top non-repeatable levels by time:
     D:6: 1989 daAuts
     D:5: 1836 daAuts
     D:9: 1648 daAuts
     D:4: 1589 daAuts
     D:7: 1203 daAuts
     D:8: 1159 daAuts
     D:1: 945 daAuts
     D:2: 728 daAuts
     D:3: 704 daAuts
    D:10: 627 daAuts
